 Dungeon Crawl Stone Soup version 0.21-a0-278-ga722497 (webtiles) character file.

377 terra52 the Cudgeler (level 6, -3/51 HPs)
             Began as a Gnoll Fighter on Sept 21, 2017.
             Was a Follower of Qazlal.
             Killed from afar by Dowan (13 damage)
             ... with a stone arrow
             ... on level 4 of the Dungeon.
             The game lasted 00:05:16 (3824 turns).

terra52 the Cudgeler (Gnoll Fighter)                Turns: 3824, Time: 00:05:16

Health: -3/51      AC:  9    Str:  7    XL:     6   Next: 73%
Magic:  8/8        EV:  8    Int:  7    God:    Qazlal [*.....]
Gold:   151        SH:  9    Dex:  7    Spells: 5/5 levels left

rFire    . . .     SeeInvis .   a - +0 flail
rCold    . . .     Gourm    .   c - +0 shield
rNeg     . . .     Faith    .   p - +3 ring mail
rPois    .         Spirit   .   (no helmet)
rElec    .         Reflect  .   (no cloak)
rCorr    .         Harm     .   (no gloves)
MR       .....                  (no boots)
Stlth    ..........             (no amulet)
HPRegen  0.17/turn              (no ring)
MPRegen  0.11/turn              (no ring)

@: mighty, brilliant, slowed, very slow
A: unchanging attributes, fangs 1, strong nose
a: Renounce Religion


You were on level 4 of the Dungeon.
You worshipped Qazlal.
Qazlal was aware of your devotion.
You were not hungry.

You visited 1 branch of the dungeon, and saw 4 of its levels.

You collected 151 gold pieces.

Inventory:

Hand Weapons
 a - a +0 flail (weapon)
Armour
 b - a +0 scale mail
 c - a +0 shield (worn)
 p - a +3 ring mail (worn)
Scrolls
 e - 2 scrolls of identify {unknown}
 g - a scroll of recharging {unknown}
 i - 2 scrolls of remove curse {unknown}
 j - 4 scrolls of blinking {unknown}
 k - a scroll of immolation {unknown}
 l - 2 scrolls of fog {unknown}
 n - 2 scrolls of magic mapping {unknown}
 o - 2 scrolls of teleportation {unknown}
Potions
 d - a potion of might
Comestibles
 f - 2 bread rations
 m - 2 fruits


   Skills:
 * Level 5.5 Fighting
 * Level 5.5 Maces & Flails
 + Level 5.1 Armour
 + Level 1.6 Dodging
 + Level 0.6 Stealth
 + Level 5.0 Shields
 * Level 3.1 Invocations


You had 5 spell levels left.
You didn't know any spells.

Dungeon Overview and Level Annotations

Branches:
Dungeon (4/15)
 Temple: D:4-7

Altars:
Qazlal
Yredelemnul

Annotations:
D:4 Dowan


Innate Abilities, Weirdness & Mutations

Your physical attributes are unchanging.
You have very sharp teeth.
Your uncanny sense of smell can sniff out nearby items.


Message History

The scorpion stings you but does no damage.
Dowan shakes with grief.
You thump the scorpion!
You kill the scorpion!
Qazlal accepts your kill.
You are surrounded by a storm.
Dowan barely misses you. Dowan hits you but does no damage.
You miss Dowan. You block Dowan's attack.
Dowan says, "How can I live without her?"
Dowan gestures at you while chanting. The stone arrow misses you.
You closely miss Dowan. You block Dowan's attack.
Dowan points at you and mumbles some strange words.
The shard of ice hits you! Dowan gestures at you while chanting.
The stone arrow hits you!
* * * LOW HITPOINT WARNING * * *
You miss Dowan. Dowan gestures at you while chanting. The stone arrow hits you!
You die...

#.# #.....# #.#
#.##... #.#
#.###.# #.# #.#
#.# #.####.###.#
#######...........
#....<...........#
#.##########.#####
#@# #.# #e# #.#
#.# #.# ∆ ... #.#
.#.#. #.# #.#.#..
# # #.#
############## #.#
#........... #####
..# #.##########


You could see Dowan.

Vanquished Creatures
  Duvessa (D:4)
  A scorpion (D:4)
  Natasha (twice) (D:2 D:4)
  3 worker ants
  Robin (D:2)
  An adder (D:3)
  4 oozes
  3 dart slugs (D:1)
  5 leopard geckos
  An orc (D:4)
  A giant cockroach (D:4)
  11 goblins
  9 hobgoblins
  10 jackals
  2 kobolds (D:1)
  4 bats
  2 frilled lizards
  A giant cockroach zombie (D:4)
  6 rats
  A spectral orc (D:3)
69 creatures vanquished.

Notes
Turn   | Place    | Note
-------+----------+-------------------------------------------
     0 | D:1      | terra52 the Gnoll Fighter began the quest for the Orb.
     0 | D:1      | Reached XP level 1. HP: 19/19 MP: 1/1
    79 | D:1      | Reached XP level 2. HP: 20/25 MP: 2/2
   448 | D:1      | Reached XP level 3. HP: 31/31 MP: 3/3
  1146 | D:2      | Noticed Natasha
  1163 | D:2      | Killed Natasha
  1163 | D:2      | Reached XP level 4. HP: 3/38 MP: 4/4
  1165 | D:2      | HP: 1/38 [frilled lizard (3)]
  1655 | D:2      | Found a stormy altar of Qazlal.
  1657 | D:2      | Noticed a water elemental
  1657 | D:2      | Noticed a fire elemental
  1658 | D:2      | Noticed an air elemental
  1658 | D:2      | Noticed an earth elemental
  1673 | D:2      | Became a worshipper of Qazlal Stormbringer
  1900 | D:2      | Noticed Robin
  1913 | D:2      | Killed Robin
  2247 | D:2      | Reached skill level 1 in Invocations
  2312 | D:2      | Reached skill level 5 in Fighting
  2312 | D:2      | Reached XP level 5. HP: 31/44 MP: 4/6
  2506 | D:3      | Found a basalt altar of Yredelemnul.
  2672 | D:3      | HP: 2/44 [poisoned by a worker ant]
  3749 | D:4      | Reached skill level 1 in Dodging
  3799 | D:4      | Noticed Duvessa
  3803 | D:4      | Noticed Natasha
  3809 | D:4      | Killed Duvessa
  3809 | D:4      | Reached skill level 5 in Maces & Flails
  3809 | D:4      | Reached skill level 5 in Armour
  3809 | D:4      | Reached XP level 6. HP: 50/51 MP: 6/8
  3816 | D:4      | Noticed Dowan
  3816 | D:4      | Killed Natasha
  3816 | D:4      | Reached skill level 5 in Shields
  3821 | D:4      | Reached * piety under Qazlal
  3824 | D:4      | Killed from afar by Dowan

Vault maps used:
D:1:      nicolae_arrival_memento_mori, kennysheep_doodads
D:2:      nicolae_qazlal_style_of_elements, uniq_robin, uniq_natasha
D:3:      yredelemnul_forgotten_temple_becter, first_bread
D:4:      uniq_ijyb, uniq_duvessa

Skill      XL: |  1  2  3  4  5  6 |
---------------+-------------------+-----
Maces & Flails | 3 4 5 |  5.5
Invocations    | 1 3 |  3.1
Fighting       | 5 |  5.5
Dodging        | 1 |  1.6
Armour         | 5 |  5.1
Shields        | 5 |  5.0
Stealth        | |  0.6

Action                   |  1- 3 |  4- 6 || total
-------------------------+-------+-------++-------
Melee: Flail             |   190 |   211 ||   401
       Bite              |     3 |     7 ||    10
  Use: Potion            |       |     7 ||     7
 Stab: Invisible         |       |     1 ||     1
  Eat: Chunk             |     1 |     9 ||    10
Armor: Scale mail        |   131 |    97 ||   228
       Ring mail         |       |    16 ||    16
Dodge: Dodged            |    53 |    57 ||   110
Block: Shield            |    90 |   103 ||   193

Table legend:
 A = Spawn XP
 B = Non-spawn XP
 C = Spawn XP percentage of total XP
 D = Spawn monster count
 E = Non-spawn monster count
 F = Spawn count percentage of total count
 G = Total turns spent on level
                    A         B        C        D         E        F      G
               +---------+---------+-------+---------+---------+-------+---------
         Total |       0 |     539 |   0.0 |       0 |      69 |   0.0 |  3824
               +---------+---------+-------+---------+---------+-------+---------
           D:1 |       0 |      59 |   0.0 |       0 |      28 |   0.0 |   910
           D:2 |       0 |     121 |   0.0 |       0 |      21 |   0.0 |  1535
           D:3 |       0 |      67 |   0.0 |       0 |      11 |   0.0 |  1022
           D:4 |       0 |     292 |   0.0 |       0 |       9 |   0.0 |   357
               +---------+---------+-------+---------+---------+-------+---------
